AoeStats
← CheJuani10

Arena

510410052Analyzed
1v1 RM · 3d ago on Sep 30, 2026· 42m 41s· 2 players
Game mode
Random Map
Map size
Tiny (2 player)
Population
200
Speed
Normal
Resources
Standard
Victory
Conquest
Starting age
Dark Age
Ending age
Imperial Age
RankedLock teamsTeams togetherTeam positionsShared explorationLock speedFull tech treeHidden civsTurbo modeCheats
Victory
Defeat
🇧🇷 Danes · Brazil
1012
+15
🇺🇸 Varangians · United States
999
-15
CheJuani10
4:53 Loom
12:27 Feudal Age
16:56 Castle Age
14:46 Horse Collar
18:11 Bloodlines
28:38 Imperial Age
26:52 Loom
27:23 Loom
29:07 Scale Mail Armor
29:18 Forging
29:23 Heavy Plow
30:05 Husbandry
30:37 Double-Bit Axe
32:08 Iron Casting
31:51 Chain Mail Armor
34:39 Conscription
35:28 Blast Furnace
36:46 Plate Mail Armor
36:27 Scale Barding Armor
35:55 Light Cavalry
37:28 Chain Barding Armor
36:50 Hussar
38:25 Wheelbarrow
37:50 Gold Mining
38:51 Plate Barding Armor
D2dW2rr10r
9:53 Feudal Age
14:48 Castle Age
12:59 Double-Bit Axe
13:37 Horse Collar
15:16 Pikeman
23:33 Gambesons
23:52 Squires
25:26 Loom
26:12 Scale Mail Armor
26:35 Heavy Plow
27:40 Bow Saw
29:36 Forging
29:41 Chain Mail Armor
31:08 Iron Casting
34:26 Imperial Age
32:19 Ballistics
33:23 Wheelbarrow
32:34 Town Watch
36:16 Onager
36:19 Capped Ram
36:23 Heavy Scorpion
38:09 Chemistry
37:33 Hand Cart
37:19 Town Patrol
37:12 Siege Ram
39:11 Blast Furnace
38:21 Gold Mining
38:45 Stone Mining
39:50 Halberdier
40:43 Gambesons
43:03 Fervor
43:13 Sanctity
Connection lost

Rejoining the realm…

Still unreachable

The connection could not be restored.

Session expired

The server has moved on; the page needs a fresh start.